 Dungeon Crawl Stone Soup version 0.16.2-12-gd0ad4c3 (webtiles) character file.

113 Kloppie the Sneak (level 4, -2/21 HPs)
             Began as a Vine Stalker Enchanter on Oct 27, 2015.
             Slain by a hobgoblin
             ... wielding a +0 club
             ... led by Robin
              (3 damage)
             ... on level 2 of the Dungeon.
             The game lasted 00:04:57 (1913 turns).

Kloppie the Sneak (Vine Stalker Enchanter)          Turns: 1913, Time: 00:04:57

Health: -2/21      AC:  3    Str: 11    XL:     4   Next: 96%
Magic:  0/8        EV: 12    Int: 15    God:
Gold:   106        SH:  0    Dex: 15    Spells: 3 memorised, 1 level left

rFire  . . .     SeeInvis .     a - +1 dagger
rCold  . . .     Clarity  .     b - +1 robe
rNeg   . . .     SustAb   .     (no shield)
rPois  .         Gourm    .     (no helmet)
rElec  .         Spirit   +     (no cloak)
rCorr  .         Warding  .     (no gloves)
rMut   .         Stasis   .     (no boots)
MR     .....                    (no amulet)
Stlth  +++.......               (no ring)
                                (no ring)

@: not resistant to hostile enchantments, fairly stealthy
A: fangs 2, regeneration 1, magic shield, antimagic bite, no device heal 3, rot
immunity
a: no special abilities


You were on level 2 of the Dungeon.
You were hungry.

You visited 1 branch of the dungeon, and saw 3 of its levels.

You collected 106 gold pieces.

Inventory:

Hand weapons
 a - a +1 dagger (weapon)
 u - a +3 dagger
Armour
 b - a +1 robe (worn)
Jewellery
 h - an uncursed amulet of regeneration {unknown}
Scrolls
 e - a scroll of fear {unknown}
 f - 3 scrolls of identify {unknown}
 i - a scroll of enchant weapon {unknown}
 n - a scroll of enchant armour {unknown}
 p - 2 scrolls of teleportation {unknown}
 r - a scroll of remove curse {unknown}
 t - a scroll of random uselessness {unknown}
Potions
 j - 3 potions of heal wounds {unknown}
 k - a potion of ambrosia {unknown}
 l - a potion of curing {unknown}
 m - a potion of brilliance {unknown}
 q - a potion of cancellation {unknown}
 s - 2 potions of flight {unknown}
 v - a potion of restore abilities {unknown}
Books
 c - a book of Maledictions

   Spells                             Type                      Level
   a - Corona                         Hexes                        1
   b - Sure Blade                     Hexes/Charms                 2
   c - Ensorcelled Hibernation        Hexes/Ice                    2
   d - Confuse                        Hexes                        3
   e - Dazzling Spray                 Conjuration/Hexes            3
   f - Enslavement                    Hexes                        4
Comestibles
 d - 2 bread rations
 g - 3 fruits
 o - a meat ration


   Skills:
 - Level 2.0 Short Blades
 - Level 1.5 Dodging
 - Level 5.1 Stealth
 - Level 2.1 Spellcasting
 + Level 3.7 Hexes
 + Level 1.4 Ice Magic


You had one spell level left.
You knew the following spells:

 Your Spells              Type           Power        Failure   Level  Hunger
a - Corona                Hex            ##.....      6%          1    #......
b - Ensorcelled Hibernat  Hex/Ice        #.....       12%         2    ###....
c - Confuse               Hex            ##......     17%         3    ###....


Dungeon Overview and Level Annotations

Branches:
Dungeon (3/15)

Altars:

Annotations:
D:3 Robin


Innate Abilities, Weirdness & Mutations

You have extremely sharp teeth.
Your natural rate of healing is unusually fast.
When hurt, damage is shared between your health and your magic reserves.
Your bite disrupts and absorbs the magic of your enemies.
Potions and wands cannot restore your health.
You are immune to rotting.


Message History

The hobgoblin closely misses you. The hobgoblin completely misses you.
The goblin hits you with a club.
You hit the goblin. Your bite misses the goblin.
The goblin is severely wounded.
The hobgoblin hits you with a club. x2
You hit the goblin.
You kill the goblin!
The hobgoblin hits you but does no damage.
The hobgoblin misses you.
You hit the hobgoblin.
The hobgoblin is lightly wounded.
The hobgoblin hits you with a club.
* * * LOW HITPOINT WARNING * * *
You are too injured to fight recklessly!
You are too injured to fight recklessly!
You are too injured to fight recklessly!
The hobgoblin hits you with a club.
* * * LOW HITPOINT WARNING * * *
The hobgoblin hits you with a club.
You die...

..# ..# ..# #############
..# ########...........#
..#####...........######.#
...............##.# #.#
...####......#.##.# #.#
................#g######.##
................@>#...)...#
(..#.##.#######.#g#.#######
...#.##.# #.#.#.# ...#.##.#
#.#.#.#
.....##.#######.#.#.#
.....##.#.......#.#.#
..................#.#
.....##.#.#####.###.#######
.....##.#.#########.......#


You could see 2 hobgoblins.

Vanquished Creatures
  2 adders (D:3)
  A shadow imp (D:3)
  3 giant mites
  A worm (D:2)
  A giant gecko (D:2)
  4 oozes
  2 ball pythons
  9 bats
  7 goblins
  8 hobgoblins
  3 jackals (D:2)
  5 giant cockroaches
  A giant newt (D:1)
  4 kobolds
  2 rats (D:2)
53 creatures vanquished.

Notes
Turn   | Place    | Note
--------------------------------------------------------------
     0 | D:1      | Kloppie, the Vine Stalker Enchanter, began the quest for the Orb.
     0 | D:1      | Reached XP level 1. HP: 9/9 MP: 3/3
     4 | D:1      | Reached skill level 1 in Short Blades
   151 | D:1      | Reached skill level 4 in Stealth
   151 | D:1      | Reached XP level 2. HP: 13/13 MP: 5/5
   179 | D:1      | Learned a level 2 spell: Ensorcelled Hibernation
   396 | D:1      | Reached XP level 3. HP: 12/16 MP: 7/7
   991 | D:2      | Reached skill level 5 in Stealth
   991 | D:2      | Reached XP level 4. HP: 14/21 MP: 8/8
   996 | D:2      | Learned a level 3 spell: Confuse
  1454 | D:3      | Noticed Robin
  1648 | D:3      | Reached skill level 1 in Ice Magic
  1913 | D:2      | HP: 1/21 [hobgoblin/club[Robin] (4)]
  1913 | D:2      | Slain by a hobgoblin

Action                   |  1- 3 |  4- 6 || total
-------------------------+-------+-------++-------
Melee: Dagger            |   130 |    69 ||   199
 Cast: Ensorcelled Hiber |     1 |     7 ||     8
 Stab: Sleeping          |     7 |     4 ||    11
  Eat: Chunk             |       |     3 ||     3
